 Dungeon Crawl Stone Soup version 0.26.1-11-gd32895ea62 (webtiles) character file.

Game seed: 3661024864676463926

333 KamiKatze the Conjurer (level 6, 0/32 HPs)
             Began as a Deep Elf Conjurer on July 11, 2021.
             Slain by an iron imp (7 damage)
             ... summoned by Natasha
             ... on level 3 of the Dungeon.
             The game lasted 00:15:32 (4300 turns).

KamiKatze the Conjurer (Deep Elf Conjurer)          Turns: 4300, Time: 00:15:33

Health: 0/32       AC:  3    Str:  2    XL:     6   Next: 27%
Magic:  12/16      EV: 13    Int: 25    God:
Gold:   258        SH:  0    Dex: 13    Spells: 5/16 levels left

rFire    + . .     SeeInvis .   j - +0 short sword (venom)
rCold    . . .     Faith    .   (no shield)
rNeg     . . .     Spirit   .   a - +1 robe
rPois    .         Reflect  .   (no helmet)
rElec    .         Harm     .   (no cloak)
rCorr    .         Rampage  .   (no gloves)
Will     .....                  (no boots)
Stlth    ++........             (no amulet)
HPRegen  0.10/turn              (no ring)
MPRegen  0.15/turn              (no ring)

@: no status effects
A: fire resistance 1, sense surroundings 1, weak 1, MP-powered wands
a: no special abilities


You were on level 3 of the Dungeon.
You visited 1 branch of the dungeon, and saw 4 of its levels.

You collected 258 gold pieces.

Inventory:

Hand Weapons
 j - a +0 short sword of venom (weapon)
Missiles
 f - 14 poisoned darts (quivered)
 k - 7 atropa-tipped darts
Armour
 a - a +1 robe (worn)
 b - a +0 leather armour
 n - a +2 ring mail of willpower
Wands
 v - a wand of paralysis (10)
 w - a wand of flame (10)
Scrolls
 c - 4 scrolls of remove curse
 d - 4 scrolls of teleportation
 h - a scroll of fear {unknown}
 i - 2 scrolls of enchant armour
 l - a scroll of fog {unknown}
 o - a scroll of random uselessness {unknown}
 q - 2 scrolls of noise {unknown}
 r - 2 scrolls of identify {unknown}
 s - a scroll of enchant weapon {unknown}
 t - a scroll of amnesia {unknown}
 u - a scroll of magic mapping {unknown}
Potions
 e - a potion of curing {unknown}
 g - a potion of invisibility
 p - a potion of heal wounds {unknown}
 x - a potion of resistance {unknown}


   Skills:
 - Level 3.0 Dodging
 - Level 3.0 Stealth
 * Level 5.5 Spellcasting
 * Level 5.8 Conjurations
 * Level 3.0 Hexes
 * Level 2.3 Translocations


You had 5 spell levels left.
You knew the following spells:

 Your Spells              Type           Power        Failure   Level
a - Magic Dart            Conj           100%         1%          1
b - Searing Ray           Conj           72%          1%          2
c - Fulminant Prism       Conj/Hex       14%          13%         4
d - Iskenderun's Mystic   Conj/Tloc      27%          14%         4

Your spell library contained the following spells:

 Spells                   Type           Power        Failure   Level
 Dazzling Flash           Conj/Hex       58%          3%          3


Dungeon Overview and Level Annotations

Branches:
Dungeon (4/15)
 Temple: D:4-7

Altars:
Yredelemnul

Annotations:
D:3 Natasha
D:4 Eustachio, Menkaure


Innate Abilities, Weirdness & Mutations

Your flesh is heat resistant. (rF+)
You passively map a small area around you.
You are weak. (Str -2)
You expend magic power (3 MP) to strengthen your wands.


Message History

The searing ray misses Natasha.
Natasha mumbles some strange words.
Unknown command.
The searing ray hits Natasha!
Natasha is almost dead.
You finish channeling your searing ray.
Natasha claws you.
Unknown command.
You closely miss Natasha.
Natasha is almost dead.
Natasha claws you!
* * * LOW HITPOINT WARNING * * *
The iron imp closely misses you.
Unknown command.
You closely miss Natasha.
Natasha is almost dead.
Natasha claws you!
* * * LOW HITPOINT WARNING * * *
The iron imp disappears for a moment.
The iron imp hits you!
You die...

#####.......# #...#.#####.#
#.#......##.###
######.<.#.##......#
#.......##.#####.#.#
#.########.#####.#.## #.#
###.......#..#
#####.######5..########.#
#.........#@###.## #.#
#........5h## ##.## #.#
#.#.#.#..(## ##.# #.#
#.#.#.#...# #.# #.#
#.#...#...## ##.#####.####
#.#..##....## ##.###.......#
#.........#.###>## #.##.#..#
#.##.####.##.(.#####.##.#..#
#.........##.#..........#..#


You could see an iron imp (summoned), Natasha and a white imp (summoned).

Vanquished Creatures
  An orc priest (D:4)
  2 orc wizards (D:4)
  Natasha (twice) (D:3)
  A worker ant (D:4)
  A hound skeleton (D:4)
  7 adders
  An adder zombie (D:4)
  2 dart slugs
  3 leopard geckos
  11 orcs
  A ball python (D:3)
  3 giant cockroaches
  5 goblins
  11 hobgoblins
  3 quokkas
  11 bats
  10 frilled lizards
  3 kobolds
  6 rats
84 creatures vanquished.

Notes
Turn   | Place    | Note
-------+----------+-------------------------------------------
     0 | D:1      | KamiKatze the Deep Elf Conjurer began the quest for the
                  | Orb.
     0 | D:1      | Reached XP level 1. HP: 10/10 MP: 6/6
   579 | D:1      | Reached XP level 2. HP: 12/15 MP: 6/8
   582 | D:1      | Learned a level 2 spell: Searing Ray
  1333 | D:2      | Reached XP level 3. HP: 19/19 MP: 6/10
  1488 | D:2      | Found a basalt altar of Yredelemnul.
  1495 | D:2      | Reached skill level 5 in Conjurations
  1609 | D:2      | Reached XP level 4. HP: 24/24 MP: 4/12
  1771 | D:2      | Learned a level 4 spell: Fulminant Prism
  1776 | D:2      | Learned a level 4 spell: Iskenderun's Mystic Blast
  2111 | D:3      | Reached skill level 1 in Hexes
  2609 | D:3      | Noticed Natasha
  2615 | D:3      | Killed Natasha
  2616 | D:3      | Reached skill level 1 in Translocations
  2616 | D:3      | Reached XP level 5. HP: 18/28 MP: 10/14
  3185 | D:4      | Reached skill level 5 in Spellcasting
  3400 | D:4      | Reached XP level 6. HP: 13/32 MP: 6/16
  3407 | D:4      | Gained mutation: You are weak. (Str -2) [potion of
                  | mutation]
  3407 | D:4      | Gained mutation: Your flesh is heat resistant. (rF+)
                  | [potion of mutation]
  3407 | D:4      | Gained mutation: You passively map a small area around you.
                  | [potion of mutation]
  3407 | D:4      | Gained mutation: You expend magic power (3 MP) to
                  | strengthen your wands. [potion of mutation]
  3846 | D:4      | Noticed Menkaure
  3957 | D:4      | Noticed Eustachio
  4000 | D:3      | Noticed Natasha
  4011 | D:3      | Killed Natasha
  4286 | D:3      | Noticed Natasha
  4300 | D:3      | Slain by an iron imp

Illustrated notes

Levels and vault maps discovered:
D:1:      dpeg_arrival_ternary, layout_loops_ring
D:2:      layout_rooms, nicolae_overflow_crystal_walls, corexii_shack
D:3:      layout_loops_cross, uniq_natasha
D:4:      layout_layer_cave, grunt_ministairs_9, grunt_decor_mini_mirrors,
          hangedman_abyss_or_decor_passed, minmay_small_thing, uniq_eustachio,
          uniq_menkaure

Skill      XL: |  1  2  3  4  5  6 |
---------------+-------------------+-----
Stealth        | 3 |  3.0
Spellcasting   | 4 5 |  5.5
Dodging        | 3 |  3.0
Conjurations   | 5 |  5.8
Hexes          | 1 2 3 |  3.0
Translocations | 1 2 |  2.3

Action                   |  1- 3 |  4- 6 || total
-------------------------+-------+-------++-------
Melee: Short sword       |    10 |    37 ||    47
       Unarmed           |     3 |       ||     3
 Cast: Magic Dart        |    54 |    55 ||   109
       Searing Ray       |     4 |    15 ||    19
  Use: Potion            |     2 |     4 ||     6
       Scroll            |     1 |     3 ||     4
 Stab: Sleeping          |     2 |     1 ||     3
Armor: Robe              |     2 |     7 ||     9
Dodge: Dodged            |     6 |    26 ||    32
